 Dungeon Crawl Stone Soup version 0.25-a0-283-ge7e91ba8d0 (webtiles) character file.

Game seed: 17745877662010329443, levelgen mode: deterministic

16 D1HalberdGnoll the Gusty (level 2, 0/16 HPs)
             Began as a Tengu Air Elementalist on Dec 11, 2019.
             Slain by a kobold
             ... wielding a +0 club
              (5 damage)
             ... on level 1 of the Dungeon.
             The game lasted 00:01:16 (397 turns).

D1HalberdGnoll the Gusty (Tengu Air Elementalist)    Turns: 397, Time: 00:01:16

Health: 0/16       AC:  2    Str:  8    XL:     2   Next: 54%
Magic:  0/6        EV: 13    Int: 15    God:
Gold:   58         SH:  0    Dex: 14    Spells: 4/5 levels left

rFire    . . .     SeeInvis .   b - +0 club
rCold    . . .     Gourm    .   (no shield)
rNeg     . . .     Faith    .   a - +0 robe
rPois    .         Spirit   .   (helmet restricted)
rElec    .         Reflect  .   (no cloak)
rCorr    .         Harm     .   (no gloves)
MR       .....                  (boots unavailable)
Stlth    ++........             (no amulet)
HPRegen  0.05/turn              (no ring)
MPRegen  0.10/turn              (no ring)

@: very slightly contaminated
A: beak, talons 3
a: no special abilities


You were on level 1 of the Dungeon.
You were not hungry.

You visited 1 branch of the dungeon, and saw 1 of its levels.

You collected 58 gold pieces.

Inventory:

Hand Weapons
 b - a +0 club (weapon)
Armour
 a - a +0 robe (worn)
Jewellery
 e - an uncursed amulet of regeneration {unknown}
Scrolls
 f - a scroll of remove curse {unknown}
Potions
 g - a potion of heal wounds {unknown}
Comestibles
 c - 2 rations
 d - a chunk of flesh


   Skills:
 + Level 0.6 Fighting
 + Level 2.4 Dodging
 - Level 2.0 Stealth
 - Level 2.0 Spellcasting
 + Level 1.9 Conjurations
 * Level 4.4 Air Magic


You had 4 spell levels left.
You knew the following spells:

 Your Spells              Type           Power        Failure   Level  Hunger
a - Shock                 Conj/Air       ##..         6%          1    #......

Your spell library contained the following spells:

 Spells                   Type           Power        Failure   Level  Hunger
 Swiftness                Chrm/Air       #.......     14%         2    ###....
 Static Discharge         Conj/Air       ##......     19%         3    ###....
 Airstrike                Air            ##........   34%         4    #####..
 Lightning Bolt           Conj/Air       ##........   86%         5    ######.


Dungeon Overview and Level Annotations

Branches:
Dungeon (1/15)

Altars:


Innate Abilities, Weirdness & Mutations

You have a beak for a mouth.
You have claws for feet.


Message History

Confirm with . or Enter, or press ? or * to list all spells.
Aiming: Shock (safe; 6% risk of failure)
Press: ? - help, Shift-Dir - straight line, f/p - kobold
Aim: a kobold, wielding a +0 club (heavily wounded)
You miscast Shock.
You are very lightly contaminated with residual magic.
Wisps of smoke drift from your hands. The kobold hits you with a +0 club.
Casting: Shock (safe; 6% risk of failure)
Confirm with . or Enter, or press ? or * to list all spells.
You don't have enough magic to cast that spell.
Casting: Shock (safe; 6% risk of failure)
Confirm with . or Enter, or press ? or * to list all spells.
You don't have enough magic to cast that spell.
You barely miss the kobold.
The kobold is heavily wounded.
The kobold barely misses you.
You completely miss the kobold.
The kobold is moderately wounded.
The kobold hits you with a +0 club.
You die...

.########.# .# #.#
.###### #.# ......#
#.# .####.# #.# ##
.# #.###.### ###...
.#
#.##....######.....
.##
#(##...........##.#
..#
#.....).....@K....#
..#
####.#..#########.#
..# #.#..# .###
#.#..# ...# #.#..#
...#####.##.#
.........##.#
...#####.##.# .#.#
#.##.#


You could see a kobold.

Vanquished Creatures
  A bat (D:1)
  2 giant cockroaches (D:1)
  2 jackals (D:1)
  3 kobolds (D:1)
  A ball python (D:1)
  A frilled lizard (D:1)
  3 goblins (D:1)
  A rat (D:1)
14 creatures vanquished.

Notes
Turn   | Place    | Note
-------+----------+-------------------------------------------
     0 | D:1      | D1HalberdGnoll the Tengu Air Elementalist began the quest
                  | for the Orb.
     0 | D:1      | Reached XP level 1. HP: 10/10 MP: 4/4
   210 | D:1      | Reached XP level 2. HP: 16/16 MP: 3/6
   397 | D:1      | Slain by a kobold

Levels and vault maps discovered:
D:1:      minmay_arrival_semitransparent, layout_loops_ring, tso_altar

Action                   || total
-------------------------++-------
Melee: Club              ||    25
       Kick              ||     5
       Peck              ||     3
 Cast: Shock             ||    30
Armor: Robe              ||     7
Dodge: Dodged            ||    27

Table legend:
 A = Non-vault XP
 B = Vault XP
 C = Vault XP percentage of total XP
 D = Non-vault monster count
 E = Vault monster count
 F = Vault count percentage of total count
                 A         B        C        D         E       F
            +---------+---------+-------+---------+---------+-------
      Total |      23 |       0 |   0.0 |      14 |       0 |   0.0
            +---------+---------+-------+---------+---------+-------
        D:1 |      23 |       0 |   0.0 |      14 |       0 |   0.0
            +---------+---------+-------+---------+---------+-------
